 Dungeon Crawl Stone Soup version 0.20.1-3-g7921b9d020 (webtiles) character file.

49 Alfie the Shooter (level 3, -1/30 HPs)
             Began as a Minotaur Hunter on Feb 14, 2020.
             Slain by an adder (2 damage)
             ... on level 2 of the Dungeon.
             The game lasted 00:02:32 (621 turns).

Alfie the Shooter (Minotaur Hunter)                  Turns: 621, Time: 00:02:33

Health: -1/30      AC:  3    Str: 17    XL:     3   Next: 53%
Magic:  2/2        EV: 12    Int:  8    God:
Gold:   173        SH:  0    Dex: 10    Spells: 2/2 levels left

rFire    . . .     SeeInvis .   b - +0 short sword
rCold    . . .     Gourm    .   (no shield)
rNeg     . . .     Faith    .   c - +0 leather armour
rPois    .         Spirit   .   (helmet restricted)
rElec    .         Reflect  .   (no cloak)
rCorr    .         Harm     .   (no gloves)
MR       .....                  (no boots)
Stlth    +.........             (no amulet)
Regen    0.1/turn               (no ring)
MPRegen  0.1/turn               (no ring)

@: lethally poisoned (-1 -> -8)
A: retaliatory headbutt, horns 2
a: no special abilities


You were on level 2 of the Dungeon.
You were not hungry.

You visited 1 branch of the dungeon, and saw 2 of its levels.

You collected 173 gold pieces.

Inventory:

Hand Weapons
 a - a +1 shortbow
 b - a +0 short sword (weapon)
Missiles
 d - 4 arrows
Armour
 c - a +0 leather armour (worn)
Jewellery
 j - an uncursed amulet of harm {unknown}
 l - an uncursed ring of poison resistance {unknown}
Scrolls
 e - a scroll of immolation {unknown}
 k - a scroll of teleportation {unknown}
 m - a scroll of magic mapping {unknown}
Comestibles
 f - a bread ration
 g - 2 fruits
 h - a meat ration
 i - 2 royal jellies


   Skills:
 + Level 2.8 Fighting
 + Level 0.4 Short Blades
 + Level 5.5 Bows
 + Level 0.2 Armour
 + Level 2.3 Dodging
 + Level 0.7 Stealth


You had 2 spell levels left.
You didn't know any spells.

Dungeon Overview and Level Annotations

Branches:
Dungeon (2/15)

Altars:
Makhleb


Innate Abilities, Weirdness & Mutations

You reflexively headbutt those who attack you in melee.
You have a pair of horns on your head.


Message History

* * * LOW HITPOINT WARNING * * *
You are lethally poisoned!
The adder poisons you! The goblin hits you.
* * * LOW HITPOINT WARNING * * *
The adder misses you.
You aren't carrying any potions.
A dart slug comes into view.
The adder closely misses you.
You closely miss the goblin.
* * * LOW HITPOINT WARNING * * *
You feel sick. The goblin closely misses you. The adder barely misses you.
* * * LOW HITPOINT WARNING * * *
You feel sick. The adder bites you.
* * * LOW HITPOINT WARNING * * *
Found a short ivory wand.
You miss the adder.
The adder is severely wounded.
* * * LOW HITPOINT WARNING * * *
You feel sick. The goblin barely misses you. The adder bites you.
You die...

... . . .$ ... .#. ..
.... #.. .# ....w #.#
#.#
.....##.#######..#####
......................
(.....(.####....######
......#Sg.....###
#.#....@.###..#
#.....#.###..#####
..(.(....#..#....#
(...#.#.....#....#
.................###
#..................#####
.../..................#.
#.
.###............##.#...
... ....................


You could see an adder, a dart slug and a goblin.

Vanquished Creatures
  2 adders (D:2)
  2 worms (D:2)
  A dart slug (D:1)
  2 leopard geckos
  3 hobgoblins (D:1)
  3 kobolds (D:1)
  A quokka (D:2)
  3 bats
  A frilled lizard (D:1)
  A goblin (D:1)
  6 rats
25 creatures vanquished.

Notes
Turn   | Place    | Note
-------+----------+-------------------------------------------
     0 | D:1      | Alfie the Minotaur Hunter began the quest for the Orb.
     0 | D:1      | Reached XP level 1. HP: 18/18 MP: 0/0
   169 | D:1      | Reached XP level 2. HP: 25/25 MP: 1/1
   287 | D:1      | Reached skill level 5 in Bows
   516 | D:2      | Found a burning altar of Makhleb.
   518 | D:2      | Noticed a green death
   522 | D:2      | Noticed a ynoxinul
   522 | D:2      | Noticed a hellwing
   582 | D:2      | Reached XP level 3. HP: 30/30 MP: 2/2
   621 | D:2      | HP: 1/30 [poisoned by an adder]
   621 | D:2      | Slain by an adder

Skill      XL: |  1  2 |
---------------+-------+-----
Bows           | 5 |  5.5
Fighting       | |  2.8
Short Blades   | |  0.4
Armour         | |  0.2
Dodging        | |  2.3
Stealth        | |  0.7

Action                   || total
-------------------------++-------
Melee: Short sword       ||    14
       Headbutt          ||     2
 Fire: Shortbow          ||    55
  Use: Scroll            ||     3
Armor: Leather armour    ||     9
Dodge: Dodged            ||    14
